 Dungeon Crawl Stone Soup version 0.25.1-8-g42b30a86e7 (webtiles) character file.

Game seed: 5568463564506152807

12136 Destapler the Geomancer (level 11, 0/72 HPs)
             Began as a Gargoyle Earth Elementalist on Dec 12, 2020.
             Was an Elder of Qazlal.
             Slain by an 11-headed hydra (10 damage)
             ... on level 11 of the Dungeon.
             The game lasted 00:58:28 (13349 turns).

Destapler the Geomancer (GrEE)                     Turns: 13349, Time: 00:58:30

Health: 0/72       AC: 24    Str: 14    XL:     11   Next: 88%
Magic:  14/14      EV:  9    Int: 16    God:    Qazlal [****..]
Gold:   634        SH: 22    Dex: 11    Spells: 14/15 levels left

rFire    . . .     SeeInvis .   f - +1 morningstar (vamp)
rCold    + . .     Gourm    .   S - +0 kite shield
rNeg     + . .     Faith    .   G - +4 scale mail {MR+}
rPois    ∞         Spirit   .   m - +0 helmet
rElec    +         Reflect  +   F - +1 cloak {rPois}
rCorr    .         Harm     .   (no gloves)
MR       +....                  o - +0 pair of boots
Stlth    ++........             g - amulet of reflection
HPRegen  0.22/turn              K - ring of stealth
MPRegen  0.14/turn              y - ring of protection from cold

@: studying Shields, repel missiles
A: negative energy resistance 1, electricity resistance, unbreathing,
petrification resistance, rot immunity, AC +8
a: Upheaval, Elemental Force, Renounce Religion


You were on level 11 of the Dungeon.
You worshipped Qazlal.
Qazlal was greatly pleased with you.
You were hungry.

You visited 2 branches of the dungeon, and saw 13 of its levels.
You also visited: Sewer.

You collected 799 gold pieces.
You spent 165 gold pieces at shops.

Inventory:

Hand Weapons
 a - a +2 dagger of venom
 f - a +1 vampiric morningstar (weapon)
 Z - the +8 long sword of Evolution {drain, rC+ Str+4 Stlth+}
   (You found it on level 9 of the Dungeon)

   A truly terrible weapon, it drains the life of those it strikes.
   It affects your strength (+4).
   It protects you from cold.
   It makes you more stealthy.
Missiles
 b - 118 stones
 h - 8 boomerangs
 x - 8 javelins
 B - a throwing net
 T - 6 poisoned darts (quivered)
Armour
 m - a +0 helmet (worn)
 o - a +0 pair of boots (worn)
 F - a +1 cloak of poison resistance (worn)
 G - a +4 scale mail of magic resistance (worn)
 H - +0 swamp dragon scales
 S - a +0 kite shield (worn)
Magical Staves
 I - an uncursed staff of wizardry
Jewellery
 c - an uncursed amulet of faith
 g - an amulet of reflection (around neck)
 v - an uncursed ring of positive energy
 y - a ring of protection from cold (right hand)
 A - an uncursed ring of wizardry
 K - a ring of stealth (left hand)
 V - a cursed ring of attention {unknown}
Wands
 M - a wand of flame (12)
 P - a wand of paralysis (12)
 W - a wand of iceblast (9)
Scrolls
 e - 4 scrolls of remove curse
 p - 7 scrolls of identify
 r - 3 scrolls of blinking {unknown}
 s - 2 scrolls of fog {unknown}
 w - 4 scrolls of enchant weapon {unknown}
 C - 2 scrolls of teleportation
 J - a scroll of noise {unknown}
 L - a scroll of vulnerability {unknown}
 Q - a scroll of silence {unknown}
 R - 3 scrolls of magic mapping
 U - 3 scrolls of summoning {unknown}
 Y - a scroll of random uselessness {unknown}
Potions
 i - 2 potions of invisibility
 j - 2 potions of might
 k - 5 potions of ambrosia
 l - a potion of cancellation {unknown}
 n - a potion of stabbing {unknown}
 q - 3 potions of haste
 t - 9 potions of curing
 u - a potion of magic {unknown}
 z - 4 potions of heal wounds
 D - a potion of lignification {unknown}
 O - 2 potions of berserk rage {unknown}
 X - a potion of brilliance {unknown}
Books
 E - a manual of Shields
Comestibles
 d - 11 rations


   Skills:
 + Level 9.7 Fighting
 + Level 0.0 Long Blades
 * Level 2.8 Maces & Flails
 + Level 5.8 Throwing
 + Level 7.0 Armour
 - Level 1.5 Dodging
 - Level 7.6 Stealth
 + Level 10.8 Shields
 + Level 2.5 Spellcasting
   Level 0.7 Transmutations
 - Level 11.0 Earth Magic


You had 14 spell levels left.
You knew the following spells:

 Your Spells              Type           Power        Failure   Level  Hunger
a - Sandblast             Erth           #####.       1%          1    #......

Your spell library contained the following spells:

 Spells                   Type           Power        Failure   Level  Hunger
 Passwall                 Tmut/Erth      ###.....     16%         2    ##.....
 Stone Arrow              Conj/Erth      ###...       36%         3    ###....
 Lee's Rapid Deconstruct  Erth           #####.....   36%         5    ######.
 Petrify                  Tmut/Erth      ###.....     71%         4    #####..


Dungeon Overview and Level Annotations

Branches:
Dungeon (12/15)            Temple (1/1) D:4            Lair (0/6) D:11
    Orc (0/2) D:10          Sewer (visited)

Altars:
Ashenzari
Cheibriados
Dithmenos
Elyvilon
Fedhas
Gozag
Hepliaklqana
Kikubaaqudgha
Makhleb
Nemelex Xobeh
Okawaru
Qazlal
Ru
Sif Muna
Trog
Uskayaw
Vehumet
Wu Jian
Xom
Yredelemnul
Zin
The Shining One

Shops:
D:5 [   D:9 [%!

Annotations:
D:11 2 transporters, ig87's ghost, journeyman HaFi


Innate Abilities, Weirdness & Mutations

You are resistant to torment.
Your stone body is resilient. (AC +8)
You are immune to poison.
You resist negative energy. (rN+)
You are resistant to electric shocks. (rElec)
You can survive without breathing.
You are immune to petrification.
You are immune to rotting.


Message History

The 11-headed hydra barely misses you.
The 11-headed hydra bites you but does no damage.
The 11-headed hydra barely misses you.
The 11-headed hydra bites you but does no damage.
You block the 11-headed hydra's attack.
The 11-headed hydra bites you but does no damage.
You hear a chilling moan.
You puncture the 11-headed hydra!
You feel better.
The 11-headed hydra is almost dead.
You block the 11-headed hydra's attack. x3
The 11-headed hydra bites you but does no damage.
You block the 11-headed hydra's attack.
The 11-headed hydra bites you but does no damage.
The 11-headed hydra bites you!
* * * LOW HITPOINT WARNING * * *
The 11-headed hydra bites you but does no damage.
You block the 11-headed hydra's attack. The 11-headed hydra bites you.
* * * LOW HITPOINT WARNING * * *
The 11-headed hydra bites you!
You die...

#..#.# #....##. #....©#. #..#.##.
#..#.#©. #..#.##.
##########################..#..##
..................°..........>..#
##############..@D☼..............
#..################# #§.# #..#
##############..#################
.................................
.................................
#####################............
#............


You could see a 11-headed hydra (slow, drained).

Vanquished Creatures
  Harold (D:8)
  A hydra (D:9)
  A two-headed ogre (D:10)
  The ghost of Gabide the Cruncher, a novice HuAK of Lugonu (D:9)
  A deep elf mage (D:7)
  A cyclops (D:7)
  An ugly thing (D:10)
  Maurice (D:8)
  An elephant (D:11)
  Maggie (D:9)
  3 trolls
  5 hippogriffs
  Prince Ribbit (D:8)
  A shadow (D:11)
  A yak (D:11)
  2 basilisks (D:11)
  7 orc warriors
  2 sky beasts
  A phantom (D:6)
  2 ice beasts
  3 black bears
  A centaur (D:5)
  10 ogres
  2 big kobolds
  A gnoll sergeant (D:9)
  6 bullfrogs
  A wyvern skeleton (D:7)
  2 scorpions (D:7)
  4 killer bees
  4 howler monkeys
  9 crimson imps
  3 bullfrog zombies
  3 centaur zombies
  3 jellies (D:6)
  9 orc wizards
  2 orc priests
  2 bullfrog skeletons
  A centaur skeleton (D:9)
  A gnoll shaman (D:6)
  5 hounds
  Terence (D:3)
  2 iguanas
  4 worker ants
  2 hound skeletons
  A howler monkey zombie (D:6)
  Robin (D:2)
  9 gnolls
  14 adders
  2 river rats (Sewer)
  2 shadow imps (D:7)
  A white imp (D:5)
  An ooze (D:1)
  2 adder skeletons
  A worm (D:2)
  4 dart slugs
  9 leopard geckos
  40 orcs
  3 ball pythons (Sewer)
  9 giant cockroaches
  26 goblins
  8 hobgoblins
  10 jackals
  9 kobolds
  3 quokkas
  2 bats
  10 frilled lizards
  A jackal zombie (D:8)
  2 leopard gecko skeletons
  A quokka skeleton (D:5)
  14 rats
301 creatures vanquished.

Vanquished Creatures (others)
  An orc wizard (D:7)
  A gnoll (D:9)
  2 plants (D:9)
4 creatures vanquished.

Grand Total: 305 creatures vanquished

Notes
Turn   | Place    | Note
-------+----------+-------------------------------------------
     0 | D:1      | Destapler the Gargoyle Earth Elementalist began the quest
                  | for the Orb.
     0 | D:1      | Reached XP level 1. HP: 10/10 MP: 3/3
   280 | D:1      | Reached XP level 2. HP: 16/16 MP: 5/5
   290 | D:1      | Reached skill level 1 in Fighting
   398 | D:1      | Reached skill level 4 in Earth Magic
   543 | D:1      | Reached XP level 3. HP: 20/20 MP: 6/6
  1344 | D:2      | Noticed Robin
  1510 | D:2      | Killed Robin
  1510 | D:2      | Reached XP level 4. HP: 5/26 MP: 1/7
  2007 | D:2      | Reached skill level 1 in Shields
  2522 | D:3      | Found a glowing drain.
  2539 | Sewer    | Entered a sewer
  2586 | Sewer    | Reached XP level 5. HP: 29/31 MP: 8/8
  3123 | D:3      | Reached skill level 5 in Earth Magic
  3354 | D:3      | Reached XP level 6. HP: 37/37 MP: 9/9
  3440 | D:3      | Noticed Terence
  3458 | D:3      | Killed Terence
  3605 | D:4      | Found an iron altar of Okawaru.
  3720 | D:4      | Noticed an orc warrior
  3732 | D:4      | Killed an orc warrior
  3856 | D:4      | Found a staircase to the Ecumenical Temple.
  3885 | Temple   | Entered the Ecumenical Temple
  3892 | Temple   | Became a worshipper of Qazlal Stormbringer
  4058 | D:4      | Found a sparkling altar of Nemelex Xobeh.
  4058 | D:4      | Found an opulent altar of Gozag.
  4313 | D:4      | Reached XP level 7. HP: 42/42 MP: 10/10
  4408 | D:5      | Entered Level 5 of the Dungeon
  4423 | D:5      | Found a stormy altar of Qazlal.
  4463 | D:5      | Reached skill level 5 in Stealth
  4624 | D:5      | Found an iron altar of Okawaru.
  4630 | D:5      | Reached skill level 6 in Earth Magic
  4987 | D:5      | Found Wexup's Antique Armour Shop.
  5108 | D:5      | Found a shimmering blue altar of Sif Muna.
  5666 | D:6      | Reached XP level 8. HP: 39/48 MP: 11/11
  5758 | D:6      | Reached * piety under Qazlal
  5837 | D:6      | Reached skill level 5 in Fighting
  5955 | D:6      | Reached skill level 7 in Earth Magic
  6194 | D:6      | Reached skill level 8 in Earth Magic
  6307 | D:6      | Reached XP level 9. HP: 39/56 MP: 12/12
  6799 | D:7      | Found a blossoming altar of Fedhas.
  6909 | D:7      | Reached skill level 1 in Armour
  6951 | D:7      | Noticed a cyclops
  6966 | D:7      | Killed a cyclops
  6966 | D:7      | Reached skill level 1 in Throwing
  6966 | D:7      | Reached skill level 5 in Shields
  7154 | D:7      | Reached ** piety under Qazlal
  7254 | D:7      | Reached skill level 9 in Earth Magic
  7331 | D:7      | Noticed a deep elf mage
  7354 | D:7      | Killed a deep elf mage
  7354 | D:7      | Reached XP level 10. HP: 35/64 MP: 7/13
  8654 | D:8      | Reached *** piety under Qazlal
  8723 | D:8      | Noticed Harold
  8736 | D:8      | Noticed Prince Ribbit
  8742 | D:8      | Killed Harold
  8742 | D:8      | Reached skill level 5 in Armour
  8742 | D:8      | Reached skill level 10 in Earth Magic
  8745 | D:8      | Killed Prince Ribbit
  8760 | D:8      | Noticed Maurice
  8776 | D:8      | Killed Maurice
  9657 | D:9      | Found Hodghul's Armour Boutique.
  9663 | D:9      | Found Qyrauc's Food Emporium.
  9667 | D:9      | Noticed Maggie
  9678 | D:9      | Found a runed translucent gate.
  9712 | D:9      | Killed Maggie
  9712 | D:9      | Reached XP level 11. HP: 36/69 MP: 11/14
  9969 | D:9      | Found a runed translucent gate.
  9969 | D:9      | Found a runed translucent gate.
  9970 | D:9      | Noticed an 11-headed hydra
  9972 | D:9      | Noticed Gabide's ghost (novice HuAK)
 10185 | D:9      | Found an ancient bone altar of Kikubaaqudgha.
 10185 | D:9      | Found a burning altar of Makhleb.
 10234 | D:9      | Reached skill level 5 in Throwing
 10393 | D:9      | You fall into a shaft and drop 1 floor!
 10393 | D:10     | Entered Level 10 of the Dungeon
 10426 | D:10     | Found a staircase to the Orcish Mines.
 10529 | D:10     | Reached **** piety under Qazlal
 10743 | D:10     | Noticed a two-headed ogre
 11108 | D:10     | Killed a two-headed ogre
 11725 | D:11     | Found a transporter.
 11732 | D:11     | Reached skill level 10 in Shields
 11740 | D:11     | Reached skill level 1 in Maces & Flails
 11756 | D:11     | Noticed ig87's ghost (journeyman HaFi)
 11765 | D:11     | Noticed a cyan ugly thing
 11781 | D:10     | Killed a cyan ugly thing
 11832 | D:11     | Found a transporter.
 11878 | D:11     | Found a staircase to the Lair.
 11986 | D:11     | Reached skill level 11 in Earth Magic
 12648 | D:9      | Found Pyngul's Distillery.
 12656 | D:9      | Bought a potion of heal wounds for 75 gold pieces
 12656 | D:9      | Bought a potion of degeneration for 15 gold pieces
 12656 | D:9      | Bought a potion of heal wounds for 75 gold pieces
 13050 | D:9      | Killed Gabide's ghost
 13058 | D:9      | Killed an 11-headed hydra
 13063 | D:9      | Got an iridescent long sword
 13068 | D:9      | Identified the +8 long sword of Evolution {drain, rC+ Str+4
                  | Stlth+} (You found it on level 9 of the Dungeon)
 13320 | D:12     | Noticed an eight-headed hydra
 13349 | D:11     | Slain by an 11-headed hydra

Illustrated notes

Levels and vault maps discovered:
D:1:      mainiacjoe_arrival_reflecting_pool, layout_basic
D:2:      layout_loops_cross, uniq_robin
D:3:      layout_basic, serial_curves, eino_curves_04, eino_curves_01,
          first_ration, gup_sewer_entry_bubbles, uniq_terence
D:4:      layout_loops_ring, grunt_temple_overflow_opulence, okawaru_trees_2,
          minmay_temple_entry_ruins
D:5:      wander_river, layout_cave_pods, kennysheep_little_box, serial_shops,
          nicolae_shop_statue_plus, hangedman_feature_mirror,
          minmay_fire_ice_demons
D:6:      layout_cave_pools, minmay_misc_feat_doors
D:7:      minmay_the_grid_octo_tiled_squarecenter [minmay_the_grid_octo_empty,
          minmay_the_grid_octo_vomiting_pacman, minmay_the_grid_octo_chip,
          minmay_the_grid_octo_horde, minmay_the_grid_square_5x5_megaprize_open,
          minmay_the_grid_square_5x5_two_walls_a,
          minmay_the_grid_square_5x5_hollow_slash,
          minmay_the_grid_square_5x5_minimal, minmay_the_grid_square_5x5_c],
          layout_loops_cross, fedhas_ov_isle_minmay, minmay_manual_mess
D:8:      layout_loops_cross, minmay_misc_feat_roman, uniq_harold,
          uniq_prince_ribbit1, uniq_maurice
D:9:      layout_long_grid, gammafunk_temple_overflow_elements, serial_shops,
          shop, shop, nicolae_shop_crystal, gammafunk_ghost_hydra_chop,
          uniq_maggie
D:10:     layout_loops_corners, orc_0_dummy
D:11:     layout_long_grid, david_lair_generic, gammafunk_ghost_stat_death
D:12:     layout_small_grid, uniq_josephine, uniq_psyche
Temple:   nicolae_temple_no_exploring_needed

Skill      XL: |  1  2  3  4  5  6  7  8  9 10 11 |
---------------+----------------------------------+-----
Fighting       | 1 2 3 4 6 7 8 9 |  9.7
Earth Magic    | 4 5 6 8 9 10 11 | 11.0
Stealth        | 3 4 5 7 |  7.6
Shields        | 1 2 3 4 6 9 10 | 10.8
Armour         | 3 5 7 |  7.0
Throwing       | 3 4 5 |  5.8
Maces & Flails | 2 |  2.8
Dodging        | |  1.5
Spellcasting   | |  2.5
Transmutations | |  0.7

Action                   |  1- 3 |  4- 6 |  7- 9 | 10-12 || total
-------------------------+-------+-------+-------+-------++-------
Melee: Club              |    16 |       |       |       ||    16
       Unarmed           |     5 |       |       |       ||     5
       Dagger            |    57 |   251 |   320 |   356 ||   984
       Morningstar       |       |       |       |   258 ||   258
       Long sword        |       |       |       |     4 ||     4
Throw: Stone             |       |     2 |       |       ||     2
       Javelin           |       |       |     5 |       ||     5
       Throwing net      |       |       |       |     3 ||     3
       Dart              |       |       |       |     7 ||     7
 Cast: Sandblast         |    12 |    20 |    42 |    41 ||   115
  Use: Scroll            |       |     3 |       |    10 ||    13
 Stab: Sleeping          |     3 |    10 |     2 |       ||    15
       Distracted        |       |     1 |       |       ||     1
       Held in net/web   |       |       |       |     2 ||     2
  Eat: Chunk             |     1 |    11 |     7 |    14 ||    33
       Ration            |       |       |     1 |     2 ||     3
Armor: Robe              |    24 |    52 |    76 |    17 ||   169
       Skin              |       |       |       |    46 ||    46
       Scale mail        |       |       |       |   262 ||   262
Dodge: Dodged            |    40 |   101 |   136 |   246 ||   523
       Repelled          |       |       |       |     1 ||     1
Block: Other             |    16 |       |       |       ||    16
       Reflection        |     1 |     1 |     2 |    10 ||    14
       Buckler           |    14 |    95 |   197 |   334 ||   640
       Kite shield       |       |       |       |   398 ||   398
       Rpst.: Long sword |       |       |       |     1 ||     1
